Map: Echo LE (Void)

Players

wolle

  • Race: Zerg Zerg
  • League: Grandmaster

CaptRaynor - Winner!

  • Race: Protoss Protoss
  • League: Grandmaster

VOD

Have the link to the VOD?

Description

Time

  • Played on: June 1, 2015, 1:53 p.m.
  • Length: 8:13
Show
View Real Time Build Order
Export as new Build Order

wolle Zerg 

Build Orders: Hatch First 

Get SALT Encoding   

  12  0:09  Drone  
  12  0:13  Overlord  
  13  0:18  Drone  
  14  0:31  Drone  
  15  0:37  Drone  
  16  0:51  Hatchery  
  16  0:53  Drone  
  16  0:57  Extractor  
  16  0:59  Drone  
  16  1:14  Spawning Pool  
  15  1:22  Drone x2  
  17  1:42  Drone x2  
  19  1:50  Drone  
  20  1:59  Overlord  
  20  2:02  Queen  
  20  2:03  Queen  
  20  2:07  Zergling x2  
  25  2:13  Zergling x2  
  26  2:38  Queen  
  26  2:39  Queen  
  30  2:53  Overlord x3  
  30  3:00  Drone  
  30  3:01  Drone x2  
  33  3:30  Drone x4  
  33  3:31  Drone  
  38  3:34  Hatchery  
  38  3:38  Overlord  
  37  3:48  Lair  
  37  3:49  Drone  
  37  3:50  Drone x2  
  40  4:05  Metabolic Boost  
  40  4:13  Drone  
  40  4:14  Drone x8  
  49  4:18  Extractor x2  
  47  4:38  Drone x3  
  49  4:39  Drone x3  
  49  4:41  Extractor  
  52  4:51  Spore Crawler  
  51  4:53  Drone x2, Spine Crawler  
  51  4:57  Spore Crawler  
  51  4:58  Drone x2, Spine Crawler  
  51  4:59  Drone  
  53  5:00  Drone x3  
  55  5:10  Zergling x8  
  55  5:11  Zergling x6  
  55  5:12  Zergling x2  
  63  5:18  Drone x3  
  63  5:19  Drone  
  66  5:37  Drone x7  
  73  5:47  Overlord x3  
  73  5:50  Overseer  
  73  5:54  Spore Crawler  
  73  5:56  Spine Crawler  
  71  6:00  Drone  
  71  6:01  Drone  
  71  6:02  Overlord  
  71  6:03  Overlord x4  
  73  6:16  Extractor  
  73  6:17  Extractor  
  66  6:20  Zergling x2  
  66  6:21  Zergling x20  
  76  6:30  Hydralisk Den  
  73  6:43  Zergling x12  
  63  6:58  Hydralisk  
  63  6:59  Hydralisk x8  
  68  7:32  Hydralisk  
  68  7:33  Hydralisk x9  
Show
View Real Time Build Order
Export as new Build Order

CaptRaynor Protoss - Winner!

Build Orders:  

Get SALT Encoding   

  12  0:01  Probe  
  13  0:20  Probe  
  14  0:30  Pylon  
  14  0:37  Assimilator  
  14  0:52  Probe (Chrono Boost)  
  14  0:55  Gateway  
  15  1:02  Probe (Chrono Boost)  
  16  1:09  Probe (Chrono Boost)  
  17  1:13  Pylon  
  18  1:18  Probe (Chrono Boost)  
  18  1:24  Assimilator  
  18  1:27  Probe  
  19  1:36  Pylon  
  19  1:39  Probe  
  20  1:49  Cybernetics Core  
  20  1:51  Probe (Chrono Boost)  
  21  2:03  Probe (Chrono Boost)  
  21  2:07  Zealot  
  24  2:10  Probe (Chrono Boost)  
  24  2:13  Forge  
  25  2:20  Probe  
  26  2:34  Probe  
  26  2:41  Zealot  
  28  2:46  Probe (Chrono Boost), Gateway  
  28  2:47  Pylon  
  28  2:50  Protoss Ground Weapons Level 1 (Chrono Boost)  
  31  2:58  Mothership Core (Chrono Boost)  
  31  3:10  Warp Gate (Chrono Boost)  
  31  3:12  Probe  
  32  3:17  Pylon  
  32  3:27  Probe  
  33  3:39  Probe  
  34  3:43  Nexus  
  34  3:47  Twilight Council  
  34  3:52  Pylon  
  34  4:01  Gateway  
  34  4:06  Probe  
  35  4:12  Adept x2  
  39  4:18  Probe  
  40  4:32  Probe  
  41  4:39  Gateway x2  
  41  4:48  Pylon  
  41  4:49  Charge (Chrono Boost)  
  41  4:55  Probe x2  
  43  5:02  Protoss Ground Weapons Level 2 (Chrono Boost)  
  43  5:09  Probe x2  
  45  5:26  Probe x2  
  47  5:40  Stalker  
  47  5:41  Stalker x2, Assimilator  
  53  5:46  Probe x2  
  55  6:00  Photon Cannon  
  55  6:01  Pylon  
  55  6:02  Probe x2  
  57  6:09  Adept  
  57  6:10  Adept x4  
  67  6:17  Probe x2  
  69  6:29  Probe x2  
  69  6:42  Adept x5  
  77  6:50  Probe x2  
  73  7:09  Stalker x4  
  73  7:10  Stalker  
  81  7:19  Pylon  
  81  7:30  Nexus  
  81  7:33  Pylon  
  81  7:41  Zealot x5  
  80  8:09  Adept x3  
  80  8:10  Adept x2  
Tags
 
Add a new tag
Caveats
  • Supply blocks, unpowered buildings, or Contaminate may cause inaccurate times.
  • Supply counts are checked every 10 seconds.